 Dungeon Crawl Stone Soup version 0.17.1-1-g73c8601 (webtiles) character file.

256 shmeve the Cudgeler (level 5, -3/54 HPs)
             Began as a Troll Berserker on Apr 18, 2016.
             Was a Priest of Trog.
             Slain by an iguana (4 damage)
             ... on level 4 of the Dungeon.
             The game lasted 00:09:28 (2580 turns).

shmeve the Cudgeler (Troll Berserker)               Turns: 2580, Time: 00:09:28

Health: -3/54      AC: 12    Str: 25      XL:     5   Next: 92%
Magic:  4/4        EV: 10    Int:  4      God:    Trog [***...]
Gold:   138        SH:  0    Dex:  7 (9)  Spells: 0 memorised, 4 levels left

rFire  . . .     SeeInvis .     n - +0 mace (protect)
rCold  . . .     Clarity  .     q - +2 robe {rN+}
rNeg   + . .     SustAt   .     (no shield)
rPois  .         Gourm    +     (helmet restricted)
rElec  .         Spirit   .     (no cloak)
rCorr  .         Warding  .     (gloves unavailable)
rMut   .         Stasis   .     (boots unavailable)
MR     .....                    (no amulet)
Stlth  +.........               (no ring)
                                (no ring)

@: exhausted, not resistant to hostile enchantments, very unstealthy
A: unfitting armour, claws 3, fast metabolism 3, gourmand, regeneration 2,
shaggy fur 1, tough skin 2
a: Berserk, Trog's Hand, Burn Spellbooks, Renounce Religion


You were on level 4 of the Dungeon.
You worshipped Trog.
Trog was most pleased with you.
You were very full.

You visited 1 branch of the dungeon, and saw 4 of its levels.

You collected 138 gold pieces.

Inventory:

Hand Weapons
 n - a +0 mace of protection (weapon)
Missiles
 b - 2 poisoned javelins (quivered)
Armour
 q - a +2 robe of positive energy (worn)
Jewellery
 t - a +3 ring of slaying {unknown}
Scrolls
 a - a scroll of fear {unknown}
 g - 4 scrolls of magic mapping
 h - 4 scrolls of remove curse {unknown}
 j - 2 scrolls of recharging {unknown}
 m - a scroll of enchant armour {unknown}
 o - 2 scrolls of teleportation {unknown}
 p - a scroll of amnesia {unknown}
 u - a scroll of fog {unknown}
 w - 2 scrolls of identify
 x - a scroll of enchant weapon {unknown}
Potions
 d - a potion of might {unknown}
 e - 2 potions of flight {unknown}
 k - a potion of invisibility {unknown}
 l - a potion of heal wounds {unknown}
 r - 3 potions of curing {unknown}
 v - a potion of degeneration {unknown}
Comestibles
 c - 6 bread rations
 f - 6 fruits
 i - 2 beef jerkies
 s - a slice of pizza
 z - a meat ration


   Skills:
 * Level 3.6 Fighting
 * Level 4.0 Maces & Flails
 + Level 1.3 Throwing
 + Level 1.1 Armour
 + Level 3.2 Dodging


You had 4 spell levels left.
You didn't know any spells.

Dungeon Overview and Level Annotations

Branches:
Dungeon (4/15)
 Temple: D:4-7

Altars:


Innate Abilities, Weirdness & Mutations

You are too large for most types of armour.
You have claws for hands.
Your metabolism is lightning-fast.
You like to eat raw meat.
You heal very quickly.
You are covered in fur (AC +1).
You have very tough skin (AC +2).


Message History

The iguana closely misses you.
You hit the iguana but do no damage.
The iguana is heavily wounded.
The goblin hits you but does no damage. The goblin closely misses you.
The goblin completely misses you. The iguana barely misses you.
The goblin hits you but does no damage. The goblin barely misses you.
The goblin hits you but does no damage.
Unknown command.
You hit the iguana but do no damage.
The iguana is heavily wounded.
The iguana bites you.
* * * LOW HITPOINT WARNING * * *
The goblin hits you.
* * * LOW HITPOINT WARNING * * *
The goblin completely misses you. The goblin hits you.
* * * LOW HITPOINT WARNING * * *
You barely miss the iguana.
The iguana is heavily wounded.
The iguana bites you.
You die...

... .. #.# ..
#.## . ..# #.#
#.## # #... #..#
.#
#....##g@###%.##
#..$...ggl...)..
#....##.g.#..#..
#... #...# .#
#.#####...# .#
......<...#..#
.........<...#
..#####......#
#......#


You could see an iguana, a hobgoblin and 3 goblins.

Vanquished Creatures
  An orc priest (D:3)
  A quasit (D:3)
  Robin (D:4)
  5 adders
  3 gnolls (D:3)
  An ooze (D:1)
  2 worms (D:2)
  13 orcs (D:3)
  4 giant cockroaches
  13 hobgoblins
  11 jackals
  6 kobolds
  4 ball pythons
  8 bats
  4 giant geckos
  2 giant newts
  11 goblins
  5 rats
  A plant (D:1)
96 creatures vanquished.

Notes
Turn   | Place    | Note
--------------------------------------------------------------
     0 | D:1      | shmeve the Troll Berserker began the quest for the Orb.
     0 | D:1      | Reached XP level 1. HP: 22/22 MP: 0/0
   155 | D:1      | Reached XP level 2. HP: 23/29 MP: 1/1
   186 | D:1      | Reached skill level 3 in Maces & Flails
   285 | D:1      | Reached ** piety under Trog
   641 | D:1      | Reached XP level 3. HP: 36/36 MP: 2/2
  1610 | D:3      | Reached XP level 4. HP: 45/45 MP: 3/3
  1760 | D:3      | Reached *** piety under Trog
  1760 | D:3      | Reached skill level 1 in Throwing
  1950 | D:3      | Reached XP level 5. HP: 18/53 MP: 4/4
  2082 | D:3      | Reached skill level 1 in Armour
  2393 | D:3      | Reached skill level 4 in Maces & Flails
  2541 | D:4      | Noticed Robin
  2549 | D:4      | Killed Robin
  2579 | D:4      | HP: 1/54 [goblin[Robin] (3)]
  2580 | D:4      | Slain by an iguana

Action                   |  1- 3 |  4- 6 || total
-------------------------+-------+-------++-------
Melee: Mace              |   171 |   193 ||   364
Throw: Javelin           |       |    12 ||    12
Invok: Berserk           |     3 |     1 ||     4
       Trog's Hand       |       |     2 ||     2
  Use: Scroll            |     3 |       ||     3
  Eat: Chunk             |    23 |    10 ||    33
